 Dungeon Crawl Stone Soup version 0.28.0-62-gf88900778d (webtiles) character file.

Game seed: 8460136332401960510

6 cbfl8 the Skirmisher (level 1, -2/20 HPs)
             Began as a Minotaur Berserker on July 2, 2023.
             Was a Follower of Trog.
             Killed from afar by a dart slug (5 damage)
             ... with a slug dart
             ... on level 1 of the Dungeon.
             The game lasted 00:00:09 (91 turns).

cbfl8 the Skirmisher (Minotaur Berserker)             Turns: 91, Time: 00:00:09

Health: -2/20      AC:  2    Str: 21    XL:     1   Next: 75%
Magic:  0/0        EV: 12    Int:  4    God:    Trog [*.....]
Gold:   0          SH:  0    Dex:  9    Spells: 0/0 levels left

rFire   . . .      SeeInvis .   a - +0 falchion
rCold   . . .      Faith    .   (no shield)
rNeg    . . .      Spirit   .   b - +0 animal skin
rPois   .          Reflect  .   (helmet restricted)
rElec   .          Harm     .   (no cloak)
rCorr   .          Rampage  .   (no gloves)
Will    .....                   (no boots)
Stlth   +.........              (no amulet)
HPRegen 0.06/turn               (no ring)
MPRegen 0.07/turn               (no ring)

@: on berserk cooldown, slowed, very slow
A: horns 2, retaliatory headbutt
a: Renounce Religion, Berserk


You were on level 1 of the Dungeon.
You worshipped Trog.
Trog was aware of your devotion.
You visited 1 branch of the dungeon, and saw 1 of its levels.

Inventory:

Hand Weapons
 a - a +0 falchion (weapon)
Armour
 b - a +0 animal skin (worn)


   Skills:
 + Level 3.8 Fighting
 + Level 3.8 Long Blades
 + Level 2.4 Armour
 + Level 2.2 Dodging
 * Level 0.4 Evocations


You couldn't memorise any spells.
You didn't know any spells.
Your spell library was empty.

Dungeon Overview and Level Annotations

Branches:
Dungeon (1/15)

Altars:


Innate Abilities, Weirdness & Mutations

You have a pair of horns on your head.
You reflexively headbutt those who attack you in melee.


Message History

The quokka bites you.
Things that are here:
a +0 whip; a kobold corpse You closely miss the frilled lizard.
The quokka barely misses you. You furiously retaliate!
You headbutt the quokka!
You kill the quokka!
Trog accepts your kill. The frilled lizard closely misses you.
You closely miss the frilled lizard. You headbutt the frilled lizard.
You kill the frilled lizard!
Trog accepts your kill.
A bat comes into view.
A hobgoblin comes into view. It is quivering poisoned darts.
You see here a frilled lizard corpse.
You feel a strong urge to attack something.
You barely miss the bat. The bat closely misses you. The bat hits you.
You closely miss the bat. Your headbutt misses the bat.
The bat closely misses you. The dart slug barely misses you.
The bat hits you but does no damage.
You closely miss the bat. The bat barely misses you.
You closely miss the bat. The bat hits you but does no damage.
The bat hits you. The dart slug launches a dart at you. The slug dart hits you.
* * * LOW HITPOINT WARNING * * *
You barely miss the bat.
You are no longer berserk.
You are exhausted.
You feel yourself slow down. The bat misses you.
You miss the bat.
The hobgoblin shouts!
The bat barely misses you. The bat hits you.
* * * LOW HITPOINT WARNING * * *
The dart slug launches a dart at you. The slug dart hits you.
* * * LOW HITPOINT WARNING * * *
The bat hits you but does no damage. The bat closely misses you.
The dart slug launches a dart at you. The slug dart hits you.
You die...

....## ##.#...# .
....# # #)#...#
#$##g#...####
.?#.......#
..#.##.#b†###.#
.......@.†)##.####
....#.#w#...#....#
. ..............#
................#
##...............#
###.............#
#.......†.....#
..............#
######...#....#


You could see a dart slug and a bat.

Vanquished Creatures
  A dart slug (D:1)
  A kobold (D:1)
  A quokka (D:1)
  A frilled lizard (D:1)
4 creatures vanquished.

Notes
Turn   | Place    | Note
-------+----------+-------------------------------------------
     0 | D:1      | cbfl8 the Minotaur Berserker began the quest for the Orb.
     0 | D:1      | Reached XP level 1. HP: 19/19 MP: 0/0
    91 | D:1      | Killed from afar by a dart slug

Illustrated notes

Levels and vault maps discovered:
D:1:      nicolae_arrival_memento_mori, layout_rooms,
          hellmonk_ecumenical_altar_pennies_from_heaven, serial_shops, shop,
          minmay_small_reverse_x

Action                   || total
-------------------------++-------
Melee: Falchion          ||    12
       Headbutt          ||     1
Invok: Berserk           ||     1
Armor: Animal skin       ||     3
Dodge: Dodged            ||    11
